 Dungeon Crawl Stone Soup version 0.31-a0-1278-g11c5b68f87 (webtiles) character file.

Game seed: 12373423944916686029

79505 Destinykillz the Warrior (level 15, -4/141 HPs)
             Began as a Hill Orc Fighter on Dec 18, 2023.
             Was a High Priest of Beogh.
             Slain by a wolf spider (20 damage)
             ... on level 1 of the Spider Nest.
             The game lasted 01:20:57 (21150 turns).

Destinykillz the Warrior (Hill Orc Fighter)        Turns: 21150, Time: 01:20:58

Health: -4/141     AC:  7    Str: 42    XL:     15   Next: 30%
Magic:  15/15      EV:  9    Int: 25    God:    Beogh [*****.]
Gold:   686        SH: 17    Dex:  8    Spells: 14/14 levels left

rFire   + . .        L - +11 mace "Beastslayer" {vamp, Str+6 Int+3 Stlth+}
rCold   . . .        a - +0 tower shield
rNeg    + . .        c - +0 chain mail of Golux {rF+ rN+}
rPois   +            I - +2 hat
rElec   .            X - +0 cloak of the Beekeeper {Fly Int+4}
rCorr   .            u - +2 pair of gloves "Livisyna" {+Inv rPois Will+ Int+4}
SInv    +            D - +1 pair of boots "Zawikeax" {+Inv Str+4 Dex-3}
Will    ++...        n - amulet of faith Stlth
                     q - +6 ring of strength
HPRegen 0.43/turn    R - ring "Gucanax" {rPois Str+2 Dex+2 SInv}
MPRegen 0.14/turn

%: faith
@: corroded, flying
A: walk on water, clever 1, evolution 1
a: Renounce Religion, Evoke Invisibility, Smiting, Recall Orcish Followers, Give
Item to Named Follower


You were on level 1 of the Spider Nest.
You worshipped Beogh.
Beogh was extremely pleased with you.
You visited 5 branches of the dungeon, and saw 21 of its levels.
You also visited: Sewer and Bailey.

You collected 2210 gold pieces.
You spent 1524 gold pieces at shops.

Inventory:

Hand Weapons
 y - the +9 sword of Power {lifebolt}
   (You found it in a bailey)
 L - the +11 mace "Beastslayer" (weapon) {vamp, Str+6 Int+3 Stlth+}
   (You found it on level 9 of the Dungeon)

   Str+6:     It affects your strength (+6).
   Int+3:     It affects your intelligence (+3).
   Stlth+:    It makes you more stealthy.
 M - a +1 bardiche of venom
Missiles
 F - 2 throwing nets
Armour
 a - a +0 tower shield (worn)
 c - the +0 chain mail of Golux (worn) {rF+ rN+}
   (You found it on level 1 of the Orcish Mines)

   rF+:       It protects you from fire.
   rN+:       It protects you from negative energy.
 i - a +4 chain mail
 u - the +2 pair of gloves "Livisyna" (worn) {+Inv rPois Will+ Int+4}
   (You found it on level 3 of the Dungeon)

   Int+4:     It affects your intelligence (+4).
   rPois:     It protects you from poison Will+: It increases your willpower.
   +Inv:      It lets you turn invisible.
 D - the +1 pair of boots "Zawikeax" (worn) {+Inv Str+4 Dex-3}
   (You found it on level 8 of the Dungeon)

   Str+4:     It affects your strength (+4).
   Dex-3:     It affects your dexterity (-3).
   +Inv:      It lets you turn invisible.
 I - a +2 hat (worn)
 V - the +0 helmet of Responsibility {+Inv rPois Str-4 Stlth+}
   (You bought it in a shop on level 2 of the Orcish Mines)

   Str-4:     It affects your strength (-4).
   rPois:     It protects you from poison +Inv: It lets you turn invisible.
   Stlth+:    It makes you more stealthy.
 X - the +0 cloak of the Beekeeper (worn) {Fly Int+4}
   (You bought it in a shop on level 2 of the Orcish Mines)

   Int+4:     It affects your intelligence (+4).
   Fly:       It grants you flight.
Jewellery
 b - the ring "Xuadapt" {rElec rN+ Stlth+}
   (You found it on level 5 of the Lair of Beasts)

   [ring of positive energy]

   rElec:     It insulates you from electricity.
   rN+:       It protects you from negative energy.
   Stlth+:    It makes you more stealthy.
 n - an amulet of faith (around neck)
 q - a +6 ring of strength (left hand)
 R - the ring "Gucanax" (right hand) {rPois Str+2 Dex+2 SInv}
   (You found it on level 8 of the Dungeon)

   [ring of poison resistance]

   Str+2:     It affects your strength (+2).
   Dex+2:     It affects your dexterity (+2).
   rPois:     It protects you from poison SInv: It lets you see invisible.
 U - a +5 ring of evasion
 W - a +4 ring of protection
Wands
 k - a wand of charming (4)
 w - a wand of digging (6)
 E - a wand of flame (11)
 J - a wand of roots (18)
 K - a wand of mindburst (11)
 O - a wand of polymorph (5)
 T - a wand of light (2)
Scrolls
 e - 2 scrolls of silence
 f - 2 scrolls of fog
 g - 3 scrolls of enchant weapon
 r - 3 scrolls of enchant armour
 s - 3 scrolls of immolation
 t - 9 scrolls of teleportation
 B - 7 scrolls of identify
 G - 2 scrolls of fear
 H - 4 scrolls of poison
 N - 2 scrolls of amnesia
 P - 2 scrolls of summoning
 Q - a scroll of blinking
 S - a scroll of vulnerability
Potions
 d - 3 potions of might
 h - 3 potions of mutation
 j - 6 potions of attraction
 l - 5 potions of resistance
 m - a potion of haste
 o - 9 potions of curing
 p - a potion of heal wounds
 v - 4 potions of brilliance
 x - 2 potions of cancellation
 z - 2 potions of magic
 A - 3 potions of invisibility
 C - a potion of lignification


   Skills:
 + Level 15.2 Fighting
 + Level 14.2(16.5) Axes
 - Level 11.9(14.0) Maces & Flails
 + Level 14.1 Armour
 - Level 15.0 Shields
 + Level 0.4 Spellcasting
 * Level 1.2 Air Magic
 * Level 1.4 Poison Magic


You had 14 spell levels left.
You didn't know any spells.
Your spell library contained the following spells:

 Spells                   Type           Power      Damage    Failure   Level
 Sting                    Tmut/Pois      16%        1d3       36%         1
 Poisonous Vapours        Pois/Air       14%        N/A       38%         2
 Magic Dart               Conj           0%         1d3       43%         1
 Summon Small Mammal      Summ           0%         N/A       43%         1
 Ensorcelled Hibernation  Hex/Ice        0%         N/A       58%         2
 Passwall                 Tmut/Erth      0%         N/A       58%         2
 Searing Ray              Conj           0%         2d4       58%         2
 Swiftness                Air            6%         N/A       65%         3
 Ignite Poison            Fire/Tmut/Pois 2%         N/A       75%         3
 Call Canine Familiar     Summ           0%         N/A       82%         3
 Inner Flame              Hex/Fire       0%         N/A       82%         3
 Ozocubu's Armour         Ice            0%         N/A       82%         3
 Sigil of Binding         Hex            0%         N/A       82%         3
 Olgreb's Toxic Radiance  Pois           7%         N/A       95%         4
 Dimensional Bullseye     Hex/Tloc       0%         N/A       99%         4
 Flame Wave               Conj/Fire      0%         2d4       99%         4
 Fulminant Prism          Conj/Hex       0%         3d5       99%         4
 Sticky Flame             Conj/Fire      0%         2d3       99%         4
 Ozocubu's Refrigeration  Ice            0%         4d7       100%        7
 Discord                  Hex            0%         N/A       100%        8
 Ignition                 Fire           0%         3d3       100%        8


Dungeon Overview and Level Annotations

Branches:
Dungeon (12/15)            Temple (1/1) D:5            Lair (5/5) D:11
  Swamp (0/4) Lair:2       Spider (1/4) Lair:2        Slime (0/5) Lair:5
    Orc (2/2) D:12            Elf (0/3) Orc:2         Sewer (visited)
 Bailey (visited)

Altars:
Ashenzari
Cheibriados
Dithmenos
Elyvilon
Fedhas
Gozag
Hepliaklqana
Kikubaaqudgha
Makhleb
Okawaru
Qazlal
Ru
Sif Muna
Trog
Uskayaw
Vehumet
Wu Jian
Xom
Yredelemnul
Zin
The Shining One
Jiyva

Shops:
D:4 (   D:9 !?[   Orc:2 *:([

Annotations:
D:7 1 runed translucent door, kaesle's ghost, novice HOFi


Innate Abilities, Weirdness & Mutations

You can walk on water.
Your mind is acute. (Int +4, Str/Dex -1)
You have hidden genetic potential.


Message History

You feel better. The redback bites you.
* * * LOW HITPOINT WARNING * * *
You feel better. You block the redback's attack. The redback barely misses you.
You sock the redback!
You feel better.
You kill the redback!
Beogh accepts your kill.
You swap places.
Things that are here:
a +0 hand axe; a +0 leather armour; a wolf spider corpse
There is a crawl-hole back to the Lair here.
You start resting.
You hear the faint crackling of a melting archway nearby.
You see here a redback corpse.
You swap places.
You see here a redback corpse.
Things that are here:
a culicivora corpse; a redback corpse A wolf spider comes into view.
The wolf spider's many legs skitter.
The wolf spider hits you!
* * * LOW HITPOINT WARNING * * *
The wolf spider bites you.
* * * LOW HITPOINT WARNING * * *
You hit the wolf spider but do no damage.
You block the wolf spider's attack. The wolf spider barely misses you.
Your orc knight hits the wolf spider from afar with a +0 glaive!!
You closely miss the wolf spider.
The wolf spider is heavily wounded.
You block the wolf spider's attack. x2
Your orc knight closely misses the wolf spider.
You barely miss the wolf spider.
The wolf spider is heavily wounded.
You block the wolf spider's attack. The wolf spider bites you!
* * * LOW HITPOINT WARNING * * *
Your orc knight hits the wolf spider from afar with a +0 glaive!!
You barely miss the wolf spider.
The wolf spider is almost dead.
The wolf spider closely misses you. You block the wolf spider's attack.
The wolf spider hits you!!
You die...

#...###.# ##
..##......######.##
...........#....#
#. #...†.........#
...#..)####.....#
#...###))......####
#.#........††.....#
#....o##...##..##
#.....@##<.^####
#...#.s.#####
#..##....# #..
.....# #..#.#.^.# #
###...# #...# #.###


You could see a wolf spider (ally target) and a friendly orc knight.

Vanquished Creatures
  3 hydras
  Harold (Lair:2)
  2 catoblepae
  2 boulder beetles
  3 two-headed ogres
  Urug (Lair:2)
  A deep elf knight (Orc:1)
  A swamp dragon (Lair:2)
  An orc knight (Bailey)
  Pikel (D:6)
  An oklob plant (D:11)
  2 deep elf pyromancers (Orc:1)
  A cyclops (D:11)
  A manticore (D:11)
  A slime creature (D:12)
  10 elephants
  2 kobold blastminers (Orc:1)
  3 black mambas
  A torpor snail (Lair:4)
  4 cane toads
  2 rime drakes
  7 komodo dragons
  A kobold demonologist (D:11)
  4 trolls
  2 polar bears
  A meliai (Lair:2)
  11 blink frogs
  A culicivora (Spider:1)
  2 wargs (Orc:1)
  9 wyverns
  47 yaks
  3 wraiths
  A human (Lair:5)
  3 steam dragons
  A vampire mosquito (Lair:5)
  4 redbacks (Spider:1)
  8 basilisks
  17 water moccasins
  Duvessa (D:6)
  2 acid dragons
  19 orc warriors
  A black bear (Lair:1)
  3 sky beasts (D:8)
  2 ice beasts
  4 crocodiles (D:8)
  2 ogres
  11 wolves
  3 centaurs
  2 phantoms (D:5)
  2 kobold brigands
  12 bullfrogs
  3 scorpions
  2 brain worms (Sewer)
  A gnoll sergeant (D:11)
  19 wights
  Dowan (D:6)
  13 killer bees
  3 howler monkeys
  2 electric eels
  3 hounds
  3 jellies
  3 orc priests
  A gnoll bouda (D:7)
  4 sleepcaps
  Jessica (D:2)
  6 hell rats (Lair:3)
  8 iguanas
  8 orc wizards
  A killer bee zombie (D:8)
  9 gnolls
  10 adders
  6 river rats
  A shadow imp (D:6)
  2 white imps (D:7)
  4 ufetubi
  5 dart slugs
  3 worms
  27 orcs
  12 endoplasms
  7 giant cockroaches
  9 goblins
  7 hobgoblins
  4 jackals (D:2)
  14 kobolds
  4 quokkas
  7 ball pythons
  3 bats
  4 frilled lizards
  8 rats
458 creatures vanquished.

Vanquished Creatures (collateral kills)
  2 orc warlords
  A reaper (Lair:5)
  An ettin (Orc:1)
  An entropy weaver (Spider:1)
  A centaur warrior (D:12)
  2 hydras
  2 boulder beetles
  4 orc high priests
  2 skysharks (Lair:5)
  A deep elf pyromancer (Orc:1)
  3 orc knights
  A wolf spider (Spider:1)
  3 orc sorcerers
  4 elephants (Lair:4)
  A manticore (Lair:3)
  2 black mambas
  3 kobold blastminers
  4 torpor snails
  2 komodo dragons
  11 cane toads
  5 rime drakes
  3 meliai (Spider:1)
  4 tyrant leeches (Lair:5)
  3 trolls
  11 blink frogs
  6 slime creatures (D:12)
  16 yaks
  5 wyverns
  3 basilisks
  A warg (Orc:2)
  4 vampire mosquitoes (Lair:5)
  4 water moccasins
  13 orc warriors
  7 wolves
  3 ogres (Orc:2)
  A centaur (D:12)
  10 bullfrogs
  A howler monkey (D:12)
  An electric eel (D:12)
  3 jellies (Lair:5)
  An orc priest (Orc:2)
  2 orc wizards
  5 hell rats (Lair:3)
  3 river rats (Lair:3)
  2 orcs (Orc:2)
  4 rats (Lair:3)
  A butterfly (Lair:1)
173 creatures vanquished.

Vanquished Creatures (others)
  An orc knight (Orc:1)
  2 orc sorcerers
  4 orc warriors (Orc:2)
  8 orc priests
  5 orc wizards
  21 orcs
41 creatures vanquished.

Grand Total: 672 creatures vanquished

Notes
Turn   | Place    | Note
-------+----------+-------------------------------------------
     0 | D:1      | Destinykillz the Hill Orc Fighter began the quest for the
                  | Orb.
     0 | D:1      | Reached XP level 1. HP: 19/19 MP: 1/1
   201 | D:1      | Reached XP level 2. HP: 25/27 MP: 2/2
   505 | D:1      | Found a faded altar of an unknown god.
   510 | D:1      | Got Plato's Dissertation on Beckoning
  1032 | D:2      | Reached XP level 3. HP: 30/33 MP: 3/3
  1293 | D:2      | Reached XP level 4. HP: 40/40 MP: 4/4
  1513 | D:2      | Noticed Jessica
  1517 | D:2      | Killed Jessica
  1843 | D:3      | Found a blossoming altar of Fedhas.
  1934 | D:3      | Reached XP level 5. HP: 32/46 MP: 5/5
  2318 | D:3      | Identified the +2 pair of gloves "Livisyna" {+Inv rPois
                  | Will+ Int+4}
  2482 | D:3      | Found a sacrificial altar of Ru.
  2488 | D:3      | Found an ancient bone altar of Kikubaaqudgha.
  2493 | D:3      | Found a hide-covered altar of Uskayaw.
  2737 | D:3      | Found a radiant altar of Vehumet.
  3065 | D:4      | Reached skill level 5 in Axes
  3065 | D:4      | Reached skill level 5 in Shields
  3065 | D:4      | Reached XP level 6. HP: 53/53 MP: 6/6
  3073 | D:4      | Found Savamn's Weapon Shop.
  3214 | D:4      | Found an iron altar of Okawaru.
  3427 | D:5      | Entered Level 5 of the Dungeon
  3457 | D:5      | Found a staircase to the Ecumenical Temple.
  3514 | D:5      | Reached XP level 7. HP: 36/60 MP: 7/7
  3519 | D:5      | Reached skill level 5 in Fighting
  3769 | D:5      | Found a glowing drain.
  3773 | Sewer    | Entered a sewer
  4388 | D:5      | Reached skill level 5 in Armour
  4568 | D:5      | Reached XP level 8. HP: 68/69 MP: 8/8
  4645 | Temple   | Entered the Ecumenical Temple
  4667 | D:6      | Noticed Pikel
  4677 | D:6      | Killed Pikel
  5158 | D:6      | Noticed Duvessa
  5158 | D:6      | Noticed Dowan
  5433 | D:6      | Killed Duvessa
  5434 | D:6      | Killed Dowan
  5435 | D:6      | Reached XP level 9. HP: 76/77 MP: 9/9
  5462 | D:6      | You fall into a shaft and drop 2 floors!
  5465 | D:8      | Identified the +1 pair of boots "Zawikeax" {+Inv Str+4
                  | Dex-3}
  5475 | D:7      | Found a flagged portal.
  5482 | Bailey   | Entered a bailey
  5965 | Bailey   | Reached skill level 10 in Axes
  6000 | Bailey   | Found the +9 sword of Power {lifebolt}
  6000 | Bailey   | Noticed an orc knight
  6320 | Bailey   | Killed an orc knight
  6446 | Bailey   | Reached XP level 10. HP: 92/92 MP: 10/10
  6577 | D:7      | Reached XP level 11. HP: 77/99 MP: 11/11
  6660 | D:7      | Found a runed translucent door.
  6660 | D:7      | Found a shimmering altar of Xom.
  6660 | D:7      | Noticed kaesle's ghost (novice HOFi)
  6661 | D:7      | Noticed a +0 flail of chaos
  6927 | D:7      | Found a burning altar of Makhleb.
  6928 | D:7      | Became a worshipper of Beogh the Brigand
  7492 | D:7      | Reached skill level 10 in Fighting
  7702 | D:7      | Found a runed translucent door.
  7702 | D:7      | Found a shimmering altar of Xom.
  7865 | D:7      | Found a burning altar of Makhleb.
  8327 | D:8      | Noticed a two-headed ogre
  8328 | D:8      | Reached skill level 10 in Shields
  8422 | D:8      | HP: 1/98 [two-headed ogre/+0 giant club (30)]
  8424 | D:8      | Killed a two-headed ogre
  8858 | D:8      | Noticed a two-headed ogre
  8870 | D:8      | Killed a two-headed ogre
  8871 | D:8      | Reached skill level 10 in Armour
  8871 | D:8      | Reached * piety under Beogh
  9133 | D:8      | Noticed a two-headed ogre
  9187 | D:7      | Killed a two-headed ogre
  9515 | D:8      | Identified the ring "Gucanax" {rPois Str+2 Dex+2 SInv}
  9604 | D:8      | Found a white marble altar of Elyvilon.
  9745 | D:9      | Found Veov Boa's Magic Scroll Shoppe.
  9749 | D:9      | Bought a scroll of poison for 56 gold pieces
  9749 | D:9      | Bought a scroll of identify for 28 gold pieces
  9749 | D:9      | Bought a scroll of identify for 28 gold pieces
  9749 | D:9      | Bought a scroll of vulnerability for 56 gold pieces
  9767 | D:9      | Identified the +11 mace "Beastslayer" {vamp, Str+6 Int+3
                  | Stlth+}
  9879 | D:9      | Reached skill level 1 in Maces & Flails
  9898 | D:9      | Found a shimmering altar of Xom.
 10053 | D:9      | Reached ** piety under Beogh
 10069 | D:9      | Reached XP level 12. HP: 112/112 MP: 12/12
 10133 | D:9      | Found Ibaxtea's Distillery.
 10137 | D:9      | Bought a potion of resistance for 110 gold pieces
 10137 | D:9      | Bought 2 potions of curing for 66 gold pieces
 10137 | D:9      | Bought a potion of mutation for 88 gold pieces
 10137 | D:9      | Bought a potion of brilliance for 44 gold pieces
 10137 | D:9      | Bought a potion of curing for 33 gold pieces
 10137 | D:9      | Bought a potion of mutation for 88 gold pieces
 10300 | D:9      | Found Hunum's Armour Shop.
 10548 | D:9      | Bought a +0 tower shield for 49 gold pieces
 10574 | D:10     | Entered Level 10 of the Dungeon
 10613 | D:10     | Found a broken altar of Ashenzari.
 10613 | D:10     | Found an opulent altar of Gozag.
 10621 | D:10     | Found a stormy altar of Qazlal.
 10623 | D:10     | Found a glowing silver altar of Zin.
 10625 | D:10     | Found a faded altar of an unknown god.
 10797 | D:10     | Found a hazy altar of Hepliaklqana.
 11020 | D:10     | Found an ornate altar of the Wu Jian Council.
 11152 | D:10     | Found a shimmering blue altar of Sif Muna.
 11236 | D:11     | Reached *** piety under Beogh
 11619 | D:11     | Noticed a boulder beetle
 11675 | D:11     | Killed a boulder beetle
 11676 | D:11     | Reached skill level 5 in Maces & Flails
 11799 | D:11     | Found a staircase to the Lair.
 12178 | D:11     | Found an iron altar of Okawaru.
 12472 | Lair:1   | Entered Level 1 of the Lair of Beasts
 13238 | Lair:1   | Noticed a catoblepas
 13267 | Lair:1   | Killed a catoblepas
 13486 | Lair:2   | Reached **** piety under Beogh
 13491 | Lair:2   | Reached XP level 13. HP: 119/119 MP: 13/13
 13693 | Lair:2   | Noticed Urug
 13707 | Lair:2   | Killed Urug
 13828 | Lair:2   | Found a staircase to the Swamp.
 14042 | Lair:2   | Noticed Harold
 14090 | Lair:2   | Reached ***** piety under Beogh
 14108 | Lair:2   | Killed Harold
 14327 | Lair:2   | Found a hole to the Spider Nest.
 14888 | Lair:3   | Gained Ortolf as an ally
 14952 | Lair:3   | Gained Ortolf as an ally
 15244 | Lair:3   | Reached XP level 14. HP: 130/130 MP: 14/14
 15781 | Lair:4   | Reached ****** piety under Beogh
 15832 | Lair:4   | Reached skill level 10 in Maces & Flails
 16033 | Lair:4   | Gained Thorok as an ally
 16299 | Lair:4   | Found a snail-covered altar of Cheibriados.
 16751 | Lair:5   | Entered Level 5 of the Lair of Beasts
 17051 | Lair:5   | Found a viscous altar of Jiyva.
 17071 | Lair:5   | Found a staircase to the Slime Pits.
 17411 | Lair:5   | Identified the ring "Xuadapt" {rElec rN+ Stlth+}
 17658 | Lair:5   | Found a runed translucent door.
 17660 | Lair:5   | Noticed a reaper
 17669 | Lair:5   | Killed a reaper
 18322 | D:12     | Identified the +7 rapier "Axial" {drain, rPois}
 18336 | D:12     | Noticed a cyan very ugly thing
 18348 | D:12     | Identified the +6 falchion "Lotsef" {vamp, rPois Dex+2}
 18538 | D:12     | Found a staircase to the Orcish Mines.
 19077 | D:12     | Gained mutation: You have hidden genetic potential. [potion
                  | of mutation]
 19077 | D:12     | Gained mutation: Your mind is acute. (Int +4, Str/Dex -1)
                  | [potion of mutation]
 19079 | Orc:1    | Entered Level 1 of the Orcish Mines
 19158 | Orc:1    | Noticed an orc warlord
 19168 | Orc:1    | Killed an orc warlord
 19180 | Orc:1    | Your ally Ortolf died
 19193 | Orc:1    | Reached skill level 15 in Shields
 19193 | Orc:1    | Reached XP level 15. HP: 111/139 MP: 2/15
 19370 | Orc:1    | Identified the +0 chain mail of Golux {rF+ rN+}
 19669 | Orc:2    | Entered Level 2 of the Orcish Mines
 19669 | Orc:2    | Found a staircase to the Elven Halls.
 19675 | Orc:2    | Found Kiutaenu's Antique Armour Shop.
 19704 | Orc:2    | Bought a translucent helmet for 351 gold pieces
 19704 | Orc:2    | Identified the +0 helmet of Responsibility {+Inv rPois
                  | Str-4 Stlth+} (You bought it in a shop on level 2 of the
                  | Orcish Mines)
 19704 | Orc:2    | Bought a transparent cloak for 351 gold pieces
 19704 | Orc:2    | Identified the +0 cloak of the Beekeeper {Fly Int+4} (You
                  | bought it in a shop on level 2 of the Orcish Mines)
 19842 | Orc:2    | Noticed an orc warlord
 19856 | Orc:2    | Killed an orc warlord
 19857 | Orc:2    | Reached skill level 15 in Fighting
 19875 | Orc:2    | Found Bedeucra's Antique Weapon Shop.
 19884 | Orc:2    | Got a glittering gem
 20055 | Orc:2    | Found Wetsuji's General Store.
 20207 | Orc:2    | Found Boppuib's Book Emporium.
 20363 | Orc:2    | Bought a scroll of identify for 22 gold pieces
 20363 | Orc:2    | Bought a scroll of identify for 22 gold pieces
 20363 | Orc:2    | Bought a scroll of identify for 22 gold pieces
 20363 | Orc:2    | Bought a scroll of identify for 22 gold pieces
 20363 | Orc:2    | Bought a potion of mutation for 88 gold pieces
 20369 | Orc:2    | Lost the glittering gem through Zot's cruel spite.Buggy
                  | note description: unknown note type
 21073 | Spider:1 | Entered Level 1 of the Spider Nest
 21077 | Spider:1 | Reached skill level 1 in Poison Magic
 21083 | Spider:1 | Reached skill level 1 in Air Magic
 21121 | Spider:1 | HP: 6/141 [poisoned by a redback]
 21150 | Spider:1 | Slain by a wolf spider

Illustrated notes

Levels and vault maps discovered:
D:1:      sevenhm_arrival_forest_fort_large_4, layout_loops_ring,
          shapermc_ecumenical_altar_rom_forum, roderic_lattice_a,
          minmay_misc_feat_x
D:2:      layout_basic, uniq_jessica
D:3:      layout_basic, fedhas_altar_fruit_tree,
          minmay_overflow_temple_star_quad, nicolae_vehumet_radiance
D:4:      layout_loops_ring, lemuel_tele_altar, serial_shops, shop,
          minmay_misc_feat_four_crosses
D:5:      layout_rooms, minmay_temple_entry_large_hall, gup_sewer_entry_spiral
D:6:      kennysheep_slugbush, layout_basic, mainiacjoe_overflow_24_doors,
          minivault_25, minmay_misc_feat_iff, uniq_jeremiah, uniq_sigmund,
          uniq_duvessa, uniq_pikel
D:7:      layout_loops_ring, enter_bailey_6, ebering_ghost_xom,
          david_defended_altar_orc
D:8:      regret_index_malice_mire, layout_cave_pools,
          mainiacjoe_overflow_alcove_4
D:9:      layout_loops_ring, amcnicky_altar_gilded, serial_shops, shop, shop,
          shop
D:10:     layout_roguey, pdpol_wu_jian_five_deadly_venoms,
          chequers_temple_overflow_minitemple, nicolae_hepliaklqana_hippocampus,
          kennysheep_orc_sif_temple
D:11:     layout_basic, dpeg_oklobed_lair,
          hellmonk_okawaru_the_only_friend_you_need
D:12:     layout_cave_pools, orc_0_dummy, serial_bayou, serial_bayou_crossing,
          serial_bayou_shore_b, serial_bayou_shore_b, serial_bayou_ford_a,
          serial_bayou_pond_c, minivault_12
Temple:   hellmonk_temple_beads
Lair:1:   layout_gridlike, lemuel_fruit_tree, lemuel_fruit_fields
Lair:2:   layout_gridlike, minmay_swamp_entry_reptiles,
          hellmonk_spider_entry_not_the_bees, nicolae_lair_grazing_beasts
          [nicolae_sub_lair_graze_edge, nicolae_sub_lair_graze_edge,
          nicolae_sub_lair_graze_edge, nicolae_sub_lair_graze_edge],
          uniq_harold, uniq_urug
Lair:3:   layout_hall_layers, special_room [special_room_mythical_zoo],
          kennysheep_abandoned_house, grunt_megastairs_1
Lair:4:   layout_gridlike, nicolae_lair_lil_pond, kennysheep_snail_temple
Lair:5:   minmay_lair_end_frog_pond, layout_regular_city,
          nicolae_slime_entry_field_trip, pdpol_lair_cabin_in_the_woods
Spider:1: layout_spider_delve, portal_ice_cave_entry_pillars_2, drop_trap,
          nicolae_spider_webbed_stairs
Orc:1:    layout_diamond_mine, elf_legates
Orc:2:    grunt_orc_gardens, layout_diamond_mine, grunt_orc_garden,
          grunt_orc_garden, grunt_orc_garden, grunt_orc_garden,
          blackcustard_rock_pile

Skill      XL: |  1  2  3  4  5  6  7  8  9 10 11 12 13 14 15 |
---------------+----------------------------------------------+-----
Axes           | 3 4 5 6 7 8 14 | 14.2
Fighting       | 4 5 6 9 11 12 13 14 15 | 15.2
Shields        | 4 5 6 7 9 10 11 13 15 | 15.0
Armour         | 4 5 9 11 12 13 14 | 14.1
Maces & Flails | 2 7 9 11 | 11.9
Poison Magic   | 1 |  1.4
Air Magic      | 1 |  1.2
Spellcasting   | |  0.4

Action                     |  1- 3 |  4- 6 |  7- 9 | 10-12 | 13-15 || total
---------------------------+-------+-------+-------+-------+-------++-------
  Melee: War axe           |    76 |   135 |   246 |   214 |       ||   671
         Mace              |       |       |       |   391 |   719 ||  1110
 Invoke: Convert to Beogh  |       |       |       |     1 |       ||     1
         Give Item to Name |       |       |       |       |     3 ||     3
         Recall Orcish Fol |       |       |       |       |     5 ||     5
         Smiting           |       |       |       |       |    21 ||    21
         Resurrection      |       |       |       |       |     1 ||     1
    Use: Scroll            |       |     6 |     5 |     7 |     9 ||    27
         Potion            |       |       |     1 |       |     7 ||     8
   Stab: Distracted        |       |       |       |       |     8 ||     8
         Confused          |       |       |       |       |     1 ||     1
 Armour: Scale mail        |    46 |       |       |       |       ||    46
         Chain mail        |       |   120 |   207 |   453 |   514 ||  1294
  Dodge: Dodged            |    35 |    40 |    96 |   200 |   213 ||   584
  Block: Buckler           |    16 |    28 |    70 |    87 |       ||   201
         Tower shield      |       |       |       |   259 |   783 ||  1042

Table legend: (Time is in decaauts)
 A = Elapsed time spent in this place.
 B = Non-inter-level travel time spent in this place.
 C = Inter-level travel time spent in this place.
 D = Time resting spent in this place.
 E = Time spent auto-exploring this place.
 F = Levels seen in this place.
 G = Mean time per level.
                   A        B        C        D        E       F      G
               +--------+--------+--------+--------+--------+-----+--------+
         Total |  21249 |  20233 |   1016 |   3313 |  10883 |  23 |  923.9 |
       Dungeon |  12237 |  11561 |    676 |   1873 |   7056 |  12 | 1019.8 |
        Temple |      1 |      1 |      0 |      0 |      0 |   1 |    1.0 |
          Lair |   5680 |   5469 |    211 |    629 |   2541 |   5 | 1136.0 |
   Spider Nest |     67 |     67 |      0 |      0 |      0 |   1 |   67.0 |
  Orcish Mines |   1781 |   1652 |    129 |    316 |    676 |   2 |  890.5 |
         Sewer |    507 |    507 |      0 |      0 |    326 |   1 |  507.0 |
        Bailey |    973 |    973 |      0 |    495 |    283 |   1 |  973.0 |
               +--------+--------+--------+--------+--------+-----+--------+

Top non-repeatable levels by time:
     D:7: 1890 daAuts
     D:8: 1385 daAuts
    D:11: 1350 daAuts
  Lair:3: 1316 daAuts
  Lair:5: 1245 daAuts
  Lair:2: 1128 daAuts
     D:5: 1105 daAuts
   Orc:2: 1101 daAuts
     D:3: 1018 daAuts
  Lair:4: 996 daAuts
    D:12: 996 daAuts
     D:1: 995 daAuts
  Lair:1: 993 daAuts
  Bailey: 973 daAuts
     D:2: 872 daAuts
